 Dungeon Crawl Stone Soup version 0.27-a0-906-g0a00ce863d (webtiles) character file.

Game seed: 15774885251655824309

178 DwarfAlpaca the Magician (level 5, 0/35 HPs)
             Began as a Djinni Air Elementalist on Apr 7, 2021.
             Slain by a bullfrog (6 damage)
             ... in a sewer.
             The game lasted 00:15:15 (3394 turns).

DwarfAlpaca the Magician (Djinni Air Elementalist)  Turns: 3394, Time: 00:15:15

Health: 0/35       AC:  3    Str:  7    XL:     5   Next: 58%
Gold:   71         EV: 12    Int: 18    God:
                   SH:  0    Dex: 13

rFire    + + .     SeeInvis .   (no weapon)
rCold    x . .     Faith    .   (no shield)
rNeg     . . .     Spirit   .   a - +1 robe
rPois    ∞         Reflect  .   (no helmet)
rElec    .         Harm     .   (no cloak)
rCorr    .         Rampage  .   (no gloves)
Will     .....                  (boots unavailable)
Stlth    ++........             (no amulet)
HPRegen  0.11/turn              (no ring)
MPRegen  0.00/turn              (no ring)

@: mighty, brilliant, flying, very slightly contaminated
A: fire resistance 2, cold vulnerability 1, float, innate caster, hp casting,
extra vitality 1
a: no special abilities


You were in a sewer.
You visited 1 branch of the dungeon, and saw 3 of its levels.
You also visited: Sewer.

You collected 71 gold pieces.

Inventory:

Armour
 a - a +1 robe (worn)
Scrolls
 c - 2 scrolls of fear
 d - a scroll of identify
 f - a scroll of fog {unknown}
 g - 2 scrolls of magic mapping {unknown}
Potions
 b - a potion of heal wounds {unknown}
 e - 2 potions of cancellation
 h - a potion of curing


   Skills:
 - Level 2.1 Dodging
 - Level 1.5 Stealth
 + Level 5.2 Spellcasting


You couldn't memorise any spells.
You knew the following spells:

 Your Spells              Type           Power      Damage    Failure   Level
a - Shock                 Conj/Air       100%       1d9       1%          1
b - Swiftness             Air            35%        N/A       2%          2
c - Static Discharge      Conj/Air       35%        N/A       4%          3
d - Airstrike             Air            17%        N/A       16%         4
e - Lightning Bolt        Conj/Air       17%        1d32      38%         5
f - Magic Dart            Conj           100%       1d8       1%          1
g - Slow                  Hex            35%        N/A       2%          2
Your spell library was empty.

Dungeon Overview and Level Annotations

Branches:
Dungeon (3/15)              Sewer (1/1)

Altars:
Uskayaw

Shops:
D:3 :

Annotations:
D:2 Sigmund


Innate Abilities, Weirdness & Mutations

You are immune to poison.
Your flesh is very heat resistant. (rF++)
You are vulnerable to cold. (rC-)
You float through the air rather than walking.
You learn spells naturally, not from books.
Your magical power is your life essence.
You have superior vitality. (+4 HP)


Message History

Aim: a ball python (29% to evade)
You miscast Shock.
You are very lightly contaminated with residual magic.
Nothing appears to happen.
The ball python bites you. The ball python barely misses you.
Casting: Shock (safe; 1% risk of failure)
Confirm with . or Enter, or press ? or * to list all spells.
The ball python is struck by an arc of lightning.
You kill the ball python!
The lightning grounds out.
The ball python is struck by an arc of lightning!
You kill the ball python!
You are struck by an arc of lightning.
The lightning grounds out.
The bullfrog hits you.
Unknown command.
Unknown command.
Casting: Static Discharge (dangerous; 4% risk of failure)
Confirm with . or Enter, or press ? or * to list all spells.
The bullfrog is struck by an arc of lightning.
The bullfrog is moderately wounded.
The lightning grounds out.
The bullfrog hits you!
* * * LOW HITPOINT WARNING * * *
The bullfrog hits you.
* * * LOW HITPOINT WARNING * * *
Unknown command.
Unknown command.
Okay, then.
It was a potion of curing.
You feel better. The bullfrog barely misses you. The bullfrog hits you. x2
* * * LOW HITPOINT WARNING * * *
The bullfrog hits you but does no damage.
Okay, then.
It was a potion of brilliance.
You feel clever all of a sudden. The bullfrog barely misses you. x2
It was a potion of might.
You feel very mighty all of a sudden. The bullfrog barely misses you.
The bullfrog completely misses you. The bullfrog hits you.
You die...

###################
.#≈≈≈≈≈≈≈≈≈≈≈≈≈≈≈..###
..≈≈≈≈≈≈..≈≈≈≈≈≈≈....##
..≈≈≈≈F≈≈≈≈≈≈≈≈≈≈.....#
..≈≈≈†F@≈≈≈≈≈≈≈≈≈.....#
..≈≈≈≈≈≈≈≈≈≈≈≈≈≈≈.....##
.#≈≈≈≈≈≈≈≈≈≈≈≈≈≈≈......#
##################....#
####...# #..#....
#..'.... #####... ##...#


You could see 2 bullfrogs.

Vanquished Creatures
  8 adders
  3 river rats (Sewer)
  2 worms (D:2)
  19 ball pythons
  2 endoplasms
  2 giant cockroaches
  4 goblins
  3 hobgoblins
  2 jackals (D:3)
  4 quokkas (D:3)
  3 bats (D:2)
  2 frilled lizards
  A kobold (D:2)
  26 rats
81 creatures vanquished.

Vanquished Creatures (collateral kills)
  2 ball pythons (D:3)
  A giant cockroach (D:3)
  A jackal (D:3)
4 creatures vanquished.

Grand Total: 85 creatures vanquished

Notes
Turn   | Place    | Note
-------+----------+-------------------------------------------
     0 | D:1      | DwarfAlpaca the Djinni Air Elementalist began the quest for
                  | the Orb.
     0 | D:1      | Reached XP level 1. HP: 15/15 MP: 0/0
   408 | D:1      | Reached skill level 3 in Spellcasting
   456 | D:1      | Reached XP level 2. HP: 20/21 MP: 0/0
  1427 | D:2      | Found a faded altar of an unknown god.
  1428 | D:2      | Noticed Sigmund
  1494 | D:2      | Reached XP level 3. HP: 24/25 MP: 0/0
  1494 | D:2      | Learned a level 1 spell: Magic Dart
  1663 | D:2      | Found a hide-covered altar of Uskayaw.
  1918 | D:2      | Reached skill level 4 in Spellcasting
  2082 | D:2      | Reached XP level 4. HP: 21/31 MP: 0/0
  2348 | D:3      | Found Wiet's Book Emporium.
  2454 | D:3      | Found a glowing drain.
  2649 | Sewer    | Entered a sewer
  3076 | Sewer    | Reached XP level 5. HP: 34/35 MP: 0/0
  3076 | Sewer    | Learned a level 2 spell: Slow
  3145 | Sewer    | Reached skill level 5 in Spellcasting
  3394 | Sewer    | Slain by a bullfrog

Illustrated notes

Levels and vault maps discovered:
D:1:      dpeg_arrival_rooms_c, layout_basic, serial_forest,
          infiniplex_forest_lined_room_2, infiniplex_forest_lined_room_2,
          infiniplex_forest_diagonal, infiniplex_forest_lined_ring,
          infiniplex_forest_clump_double, infiniplex_forest_straight_4,
          infiniplex_forest_zigzag_2, infiniplex_forest_straight_1,
          infiniplex_forest_join
D:2:      layout_basic, basic_altar, basic_ecumenical_altar, uniq_sigmund
D:3:      layout_rooms, gup_sewer_entry_bubbles, serial_shops,
          nicolae_shop_stone
Sewer:    sewer_minmay_w

Skill      XL: |  1  2  3  4  5 |
---------------+----------------+-----
Spellcasting   | 3 4 5 |  5.2
Dodging        | |  2.1
Stealth        | |  1.5

Action                   |  1- 3 |  4- 6 || total
-------------------------+-------+-------++-------
Melee: Unarmed           |       |     3 ||     3
 Cast: Shock             |    47 |    80 ||   127
       Static Discharge  |     3 |     5 ||     8
  Use: Scroll            |       |     4 ||     4
       Potion            |       |     3 ||     3
Armor: Robe              |    11 |     6 ||    17
Dodge: Dodged            |    12 |    34 ||    46

Table legend: (Time is in decaauts)
 A = Elapsed time spent in this place.
 B = Non-inter-level travel time spent in this place.
 C = Inter-level travel time spent in this place.
 D = Time resting spent in this place.
 E = Time spent auto-exploring this place.
 F = Levels seen in this place.
 G = Mean time per level.
                   A        B        C        D        E       F      G
               +--------+--------+--------+--------+--------+-----+--------+
         Total |   3394 |   3374 |     20 |    855 |   1814 |   4 |  848.5 |
       Dungeon |   2649 |   2629 |     20 |    368 |   1814 |   3 |  883.0 |
         Sewer |    744 |    744 |      0 |    487 |      0 |   1 |  744.0 |
               +--------+--------+--------+--------+--------+-----+--------+

Top non-repeatable levels by time:
     D:2: 1224 daAuts
     D:1: 1124 daAuts
   Sewer: 744 daAuts
     D:3: 300 daAuts
